 Dungeon Crawl Stone Soup version 0.31.0-32-g396128a36d (webtiles) character file.

Game seed: 1932635414677734526

30 Cornflakes the Apothecary (level 3, -1/29 HPs)
             Began as a Djinni Ice Elementalist on Apr 3, 2024.
             Was a Follower of Wu Jian.
             Slain by a goblin
             ... wielding a +0 dagger
             ... led by Robin
              (3 damage)
             ... on level 2 of the Dungeon on Apr 12, 2024.
             The game lasted 00:05:03 (966 turns).

Cornflakes the Apothecary (Djinni Ice Elementalist)  Turns: 966, Time: 00:05:04

Health: -1/29      AC:  2    Str:  9    XL:     3   Next: 35%
Gold:   32         EV: 12    Int: 16    God:    Wu Jian [*.....] SH:  0 Dex: 13

rFire   + + .        j - +0 short sword
rCold   x . .        (no shield)
rNeg    . . .        a - +0 robe
rPois   ∞            (no helmet)
rElec   .            (no cloak)
rCorr   .            (no gloves)
SInv    .            (boots unavailable)
Will    .....        (no amulet)
Stlth   ++           (no ring)
HPRegen 0.24/turn    (no ring)
MPRegen 0.00/turn

%: infuse magic (-2 HP)
@: flying
A: sickness immunity, fire resistance 2, cold vulnerability 1, float, innate
caster, HP casting, extra vitality 1
a: Renounce Religion


You were on level 2 of the Dungeon.
You worshipped Wu Jian.
Wu Jian was aware of your devotion.
You visited 1 branch of the dungeon, and saw 2 of its levels.

You collected 32 gold pieces.

Inventory:

Hand Weapons
 j - a +0 short sword (weapon)
Armour
 a - a +0 robe (worn)
Talismans
 h - a flux talisman
Scrolls
 b - a scroll of noise {unknown}
 c - a scroll of enchant armour {unknown}
 d - a scroll of identify {unknown}
 f - a scroll of silence {unknown}
 g - a scroll of teleportation {unknown}
Potions
 e - a potion of haste {unknown}
 i - a potion of cancellation {unknown}


   Skills:
 + Level 2.7 Fighting
 - Level 2.1 Dodging
 - Level 1.5 Stealth
 - Level 3.5 Spellcasting
 - Level 3.5 Conjurations
 - Level 3.5 Hexes
 - Level 3.5 Summonings
 - Level 3.5 Necromancy
 - Level 3.5 Translocations
 - Level 3.5 Fire Magic
 - Level 3.5 Ice Magic
 - Level 3.5 Air Magic
 - Level 3.5 Earth Magic
 - Level 3.5 Alchemy


You knew the following spells:

 Your Spells              Type           Power      Damage    Failure   Level
a - Freeze                Ice            56%        1d7       4%          1
b - Frozen Ramparts       Ice            28%        1d5       12%         3
c - Ozocubu's Armour      Ice            14%        N/A       12%         3
d - Summon Ice Beast      Ice/Summ       14%        N/A       12%         3
e - Foxfire               Conj/Fire      56%        2x1d6     4%          1
Your spell library was empty.

Dungeon Overview and Level Annotations

Branches:
Dungeon (2/15)

Altars:
Wu Jian

Shops:
D:1 *

Annotations:
D:2 Robin


Innate Abilities, Weirdness & Mutations

You are immune to sickness and miasma.
You are immune to poison.
Your flesh is very heat resistant. (rF++)
You are vulnerable to cold. (rC-)
You float through the air rather than walking.
You learn spells naturally, not from books.
Your magical power is your life essence.
You have superior vitality. (+4 MHP)


Message History

The hobgoblin hits you. The goblin barely misses you.
The goblin closely misses you. Robin throws the goblin at you!
You spin and attack the goblin.
You hit the goblin.
The goblin is heavily wounded.
You spin and attack the hobgoblin.
You hit the hobgoblin but do no damage.
The hobgoblin is moderately wounded.
You spin and attack the kobold.
You hit the kobold.
The kobold is heavily wounded.
The kobold hits you but does no damage.
The hobgoblin hits you but does no damage.
The goblin hits you with a +0 club. Robin throws the goblin at you!
You spin and attack Robin.
You hit Robin but do no damage.
You spin and attack the goblin.
You hit the goblin.
The goblin is severely wounded.
You spin and attack the goblin.
You miss the goblin.
The goblin hits you but does no damage. x2
Robin says, "Duck!"
Robin throws the goblin at you!
You spin and attack Robin.
You hit Robin.
Robin is lightly wounded.
You spin and attack the goblin.
You closely miss the goblin.
You spin and attack the goblin.
You hit the goblin.
You kill the goblin!
The Council accepts your kill. Robin hits you with a +0 short sword.
The goblin hits you with a +0 club.
* * * LOW HITPOINT WARNING * * *
You spin and attack the goblin.
You closely miss the goblin. The goblin hits you but does no damage.
The goblin attacks as it pursues you! The goblin hits you with a +0 dagger.
* * * LOW HITPOINT WARNING * * *
Robin throws the goblin at you! The goblin hits you with a +0 club.
* * * LOW HITPOINT WARNING * * *
You lunge at the goblin.
You closely miss the goblin. The goblin hits you with a +0 dagger.
* * * LOW HITPOINT WARNING * * *
Robin closely misses you.
You hit the goblin.
The goblin is heavily wounded.
The goblin hits you with a +0 dagger.
You die...

####### #.....#
#...$.# #####...<.#
####.........#
##....#.......#
#####gg...........#
#.g@ggg.....#.....#
#..##ggg...........#
....#
#gg............#
#.#.##
##K....$...##.## ..
#......#.## .# ##
#.........# ##
.........###
..........#
.........##


You could see Robin, 3 hobgoblins, 7 goblins and a kobold.

Vanquished Creatures
  A dart slug (D:1)
  2 ball pythons (D:1)
  An endoplasm (D:1)
  A giant cockroach (D:1)
  2 hobgoblins (D:1)
  3 jackals (D:1)
  5 kobolds (D:1)
  A quokka (D:1)
  3 bats (D:1)
  4 goblins
  2 rats (D:1)
25 creatures vanquished.

Notes
Turn   | Place    | Note
-------+----------+-------------------------------------------
     0 | D:1      | Cornflakes the Djinni Ice Elementalist began the quest for
                  | the Orb.
     0 | D:1      | Cornflakes set off with the following spells memorised:
                  | Freeze, Frozen Ramparts, Ozocubu's Armour, Summon Ice
                  | Beast.
     0 | D:1      | Reached XP level 1. HP: 15/15 MP: 0/0
    55 | D:1      | Found a faded altar of an unknown god.
    73 | D:1      | Prayed at the altar of an unknown god.
    73 | D:1      | Became a worshipper of the Wu Jian Council
    73 | D:1      | Reached * piety under Wu Jian
   113 | D:1      | Reached skill level 1 in Fighting
   116 | D:1      | Reached XP level 2. HP: 17/22 MP: 0/0
   165 | D:1      | Found Quasuez's General Store.
   524 | D:1      | Reached XP level 3. HP: 27/29 MP: 0/0
   524 | D:1      | Learned a level 1 spell: Foxfire
   954 | D:2      | Noticed Robin
   966 | D:2      | Slain by a goblin

Illustrated notes

Levels and vault maps discovered:
D:1:      mainiacjoe_arrival_reflecting_pool, layout_basic,
          chequers_ecumenical_altar_simple, serial_shops,
          nicolae_shop_advertising_works [nicolae_subvault_shop_adworks],
          solitary_fountain, ebering_dispersal_statue_hall
D:2:      layout_rooms, nicolae_half_adder, uniq_sigmund, uniq_robin

Skill      XL: |  1  2 |
---------------+-------+-----
Fighting       | 1 2 |  2.7
Dodging        | |  2.1
Stealth        | |  1.5
Spellcasting   | |  3.5
Conjurations   | |  3.5
Hexes          | |  3.5
Summonings     | |  3.5
Necromancy     | |  3.5
Translocations | |  3.5
Fire Magic     | |  3.5
Ice Magic      | |  3.5
Air Magic      | |  3.5
Earth Magic    | |  3.5
Alchemy        | |  3.5

Action                     || total
---------------------------++-------
  Melee: Unarmed           ||     1
         Short sword       ||    43
   Cast: Freeze            ||    28
Ability: Lunge             ||    10
         Whirlwind         ||    18
   Stab: Sleeping          ||     1
 Armour: Robe              ||    38
  Dodge: Dodged            ||    41
